[Event "Titled Tuesday Blitz February 22 Early 2022"]
[White "Faizrakhmanov, Ramil"]
[Black "Manukyan, Artyom"]
[WhiteFideId "24103209"]
[BlackFideId "13305786"]
[WhiteElo "2791"]
[BlackElo "2540"]
[Result "1-0"]
[Round "04"]
[TimeControl "180+1"]
[Date "2022.02.22"]
[WhiteClock "0:00:06"]
[BlackClock "0:00:01"]

1. e4 e5 2. Nf3 Nc6 3. Bb5 a6 4. Ba4 Nf6 5. O-O Be7 6. Re1 b5 7. Bb3 O-O 8. h3 d6 9. c3 Bb7 10. d4 Re8 11. Nbd2 Bf8 12. a4 h6 13. Bc2 exd4 14. cxd4 Nb4 15. Bb1 c5 16. d5 Nd7 17. Nf1 g6 18. Bd2 Bg7 19. Bc3 Ne5 20. Nxe5 Bxe5 21. Qd2 Qf6 22. axb5 axb5 23. Rxa8 Rxa8 24. Bxb4 cxb4 25. Qxb4 Bxb2 26. Qxb5 Bd4 27. Ne3 Ba6 28. Qc6 Ra7 29. Bc2 Kg7 30. Bd1 h5 31. Bf3 Bd3 32. Rd1 Bxe3 33. fxe3 Ra1 34. Rc1 Qb2 35. Rxa1 Qxa1+ 36. Kf2 Qb2+ 37. Ke1 Qb1+ 38. Kd2 Bxe4 39. Bxe4 Qxe4 40. Qxd6 Qxg2+ 41. Kd3 Qf1+ 42. Kd4 Qxh3 43. Qe5+ Kf8 44. d6 Qg4+ 45. Kc5 Qc8+ 46. Kd4 Qg4+ 47. e4 Qd1+ 48. Kc5 Qc2+ 49. Kb6 Qb3+ 50. Kc7 Qc4+ 51. Kd8 Kg8 52. d7 Qc6 53. Ke7 1-0


[Site "https://www.chess.com"]

[Event "Titled Tuesday Blitz February 22 Early 2022"]
[White "Fajdetic, Hrvoje"]
[Black "Novikov, Evgenij"]
[WhiteFideId "14501945"]
[BlackFideId "4125380"]
[WhiteElo "2140"]
[BlackElo "2242"]
[Result "0-1"]
[Round "04"]
[TimeControl "180+1"]
[Date "2022.02.22"]
[WhiteClock "0:00:02"]
[BlackClock "0:00:06"]

1. d4 d5 2. Bf4 h6 3. e3 Nf6 4. c4 a6 5. Nc3 e6 6. Nf3 Bd6 7. Ne5 c5 8. Qb3 cxd4 9. exd4 Nc6 10. cxd5 Nxd5 11. Nxd5 exd5 12. Nxc6 bxc6 13. Bxd6 Qxd6 14. Be2 Qe6 15. Qe3 O-O 16. Qxe6 fxe6 17. Rc1 Bd7 18. f3 Rae8 19. Kf2 e5 20. dxe5 Rxe5 21. Bxa6 Ra8 22. Bb7 Rxa2 23. Bxc6 Rxb2+ 24. Kg3 Rg5+ 25. Kf4 Bxc6 26. Rxc6 Rbxg2 27. h4 Rg6 28. Rc8+ Kh7 29. h5 Rf6+ 30. Ke3 Rg3 31. Rf1 Rg5 32. Rh1 Rff5 33. Ra1 Rxh5 34. Raa8 Re5+ 35. Kf2 Rhf5 36. Kg3 Kg6 37. Ra6+ Rf6 38. Ra7 Rg5+ 39. Kf2 Kh5 40. Rcc7 g6 41. Ra4 Rgf5 42. Rc3 g5 43. Ra1 Kg6 44. Ra5 g4 45. Rd3 Rxf3+ 46. Rxf3 Rxf3+ 47. Kg2 Rf5 48. Kg3 h5 49. Ra8 Re5 50. Rg8+ Kf7 51. Rh8 Ke6 52. Rh7 Kd6 53. Rh6+ Kc5 54. Rh8 Kd4 55. Rc8 Re3+ 56. Kh4 Rh3+ 57. Kg5 Ke3 58. Re8+ Kd3 59. Re5 d4 60. Re1 Kd2 61. Rg1 d3 62. Kf4 Kc2 63. Ke4 Rf3 64. Rg2+ d2 65. Rh2 Kc1 66. Rh1+ d1=Q 67. Rxd1+ Kxd1 68. Kd4 h4 0-1


[Site "https://www.chess.com"]

[Event "Titled Tuesday Blitz February 22 Early 2022"]
[White "Farmani Anosheh, Armin"]
[Black "Maranhao,Jose Renato Ruiz"]
[WhiteFideId "24613240"]
[BlackFideId "2135175"]
[WhiteElo "2289"]
[BlackElo "1970"]
[Result "1-0"]
[Round "04"]
[TimeControl "180+1"]
[Date "2022.02.22"]
[WhiteClock "0:00:17"]
[BlackClock "0:00:01"]

1. d4 d5 2. c4 c6 3. Nf3 Nf6 4. e3 e6 5. Bd3 Nbd7 6. b3 Be7 7. O-O O-O 8. Bb2 b6 9. Nbd2 Bb7 10. Ne5 Rc8 11. f4 Rc7 12. Qf3 c5 13. Qh3 Ne4 14. Nxe4 dxe4 15. Be2 Nxe5 16. fxe5 Rd7 17. Rad1 Bg5 18. Kh1 Re8 19. d5 exd5 20. Bg4 Rde7 21. cxd5 Bxd5 22. Bf5 g6 23. Bxe4 Bxe4 24. Rxd8 Rxd8 25. Qg4 Rd2 26. Qxe4 Rxb2 27. h4 1-0


[Site "https://www.chess.com"]

[Event "Titled Tuesday Blitz February 22 Early 2022"]
[White "Federzoni, Enzo"]
[Black "Cramling Bellon, Anna"]
[WhiteFideId "2173301"]
[BlackFideId "32009232"]
[WhiteElo "1956"]
[BlackElo "1905"]
[Result "1-0"]
[Round "04"]
[TimeControl "180+1"]
[Date "2022.02.22"]
[WhiteClock "0:00:46"]
[BlackClock "0:00:01"]

1. c4 c5 2. Nf3 Nc6 3. d4 cxd4 4. Nxd4 e6 5. g3 Nf6 6. Bg2 d5 7. O-O Bc5 8. Nc2 O-O 9. cxd5 exd5 10. b3 Bf5 11. Bb2 Rc8 12. Nd4 Nxd4 13. Bxd4 Be4 14. Bxc5 Rxc5 15. Nd2 Bxg2 16. Kxg2 Ne4 17. Nf3 Qf6 18. Qd3 Rc3 19. Qxd5 Nd6 20. Rfd1 Nf5 21. Qxb7 Rc2 22. Qe4 Rfc8 23. Rac1 Rxc1 24. Rxc1 Rd8 25. Rc6 Nd6 26. Qd5 h6 27. Nd4 Qe7 28. Nf5 Nxf5 29. Qxf5 Qb7 30. Qf3 Rd2 31. Rc4 Qxf3+ 32. Kxf3 Rxa2 33. Ra4 Rb2 34. Rb4 a5 35. Rb5 Kh7 36. e4 Kg6 37. h4 Kf6 38. Ke3 Ke6 39. f4 g6 40. Rb6+ Ke7 41. Rb5 h5 42. f5 gxf5 43. exf5 Kf6 44. Kf4 Rb1 45. Rb6+ Kg7 46. Kg5 f6+ 47. Rxf6 Rxb3 48. Ra6 Rxg3+ 49. Kxh5 Ra3 50. Kg5 Rg3+ 51. Kf4 Ra3 52. h5 Ra1 53. h6+ Kh7 54. Kg5 Rg1+ 55. Kf6 Kxh6 56. Rxa5 Rg8 57. Kf7 Kh7 58. Ra1 Rg7+ 59. Kf6 1-0


[Site "https://www.chess.com"]

[Event "Titled Tuesday Blitz February 22 Early 2022"]
[White "Ferguson, Randal"]
[Black "Lauridsen, Jesper Morch"]
[WhiteFideId "30903106"]
[BlackFideId "1401890"]
[WhiteElo "2073"]
[BlackElo "2272"]
[Result "0-1"]
[Round "04"]
[TimeControl "180+1"]
[Date "2022.02.22"]
[WhiteClock "0:00:50"]
[BlackClock "0:00:59"]

1. e4 c5 2. Nc3 e6 3. Nge2 d5 4. exd5 exd5 5. d4 Nc6 6. g3 Bg4 7. Bg2 Nxd4 8. h3 Bxe2 9. Nxe2 Nxe2 10. Qxe2+ Qe7 11. Bxd5 O-O-O 12. Qxe7 Bxe7 13. Bxf7 Nf6 14. Bf4 Bd6 15. Bg5 Rd7 16. Be6 Re8 17. O-O-O Rxe6 18. f4 h6 19. Bh4 g6 20. Rhe1 Ne4 21. c4 g5 22. fxg5 hxg5 23. Rxe4 Rxe4 24. Bxg5 Rxc4+ 25. Kb1 Bxg3 0-1


[Site "https://www.chess.com"]

[Event "Titled Tuesday Blitz February 22 Early 2022"]
[White "Fonseca Manrique, Enrique"]
[Black "Fathy, Elameir"]
[WhiteFideId "5114330"]
[BlackFideId "10600396"]
[WhiteElo "2586"]
[BlackElo "2311"]
[Result "1-0"]
[Round "04"]
[TimeControl "180+1"]
[Date "2022.02.22"]
[WhiteClock "0:00:23"]
[BlackClock "0:00:09"]

1. e4 c6 2. d4 d5 3. e5 Bf5 4. Nf3 e6 5. Be2 c5 6. O-O Nc6 7. c3 cxd4 8. cxd4 Nge7 9. Nh4 h6 10. Nc3 Bh7 11. Be3 Nf5 12. Nxf5 Bxf5 13. g4 Bh7 14. f4 Qb6 15. a3 h5 16. h3 hxg4 17. hxg4 Be4 18. Nxe4 dxe4 19. Rc1 Rd8 20. Qa4 Be7 21. Kg2 Kf8 22. Rh1 Rxh1 23. Rxh1 g5 24. Qc2 Nxd4 25. Qxe4 Qxb2 26. Rh8+ 1-0


[Site "https://www.chess.com"]

[Event "Titled Tuesday Blitz February 22 Early 2022"]
[White "Freitag, Manfred"]
[Black "Nesterov, Arseniy"]
[WhiteFideId "1602004"]
[BlackFideId "24198455"]
[WhiteElo "2275"]
[BlackElo "2489"]
[Result "0-1"]
[Round "04"]
[TimeControl "180+1"]
[Date "2022.02.22"]
[WhiteClock "0:01:03"]
[BlackClock "0:00:03"]

1. e4 e5 2. Nf3 Nc6 3. Bb5 a6 4. Ba4 b5 5. Bb3 Na5 6. O-O d6 7. d4 exd4 8. Nxd4 Bb7 9. Re1 c5 10. Bd5 cxd4 11. b4 Nc6 12. e5 dxe5 13. Qf3 Qd7 14. c4 Nf6 15. Bxc6 Bxc6 16. Rxe5+ Be7 17. Qg3 O-O 18. Bh6 Qg4 19. Nd2 Qxg3 20. hxg3 gxh6 21. Rxe7 Rfe8 22. Rc7 Rac8 23. Ra7 Re2 24. Nb3 Rd8 25. Rxa6 bxc4 26. Nxd4 Rxd4 27. Rxc6 Ne4 28. b5 Rxf2 29. Rf1 Rxf1+ 30. Kxf1 c3 31. a3 Rd2 32. b6 Rb2 33. a4 c2 34. a5 Kg7 35. g4 f6 36. Kg1 Kg6 37. Kh2 Kg5 38. Rc7 Kxg4 39. Rxc2 Rxc2 40. a6 Ng5 41. Kg1 Rc1+ 42. Kf2 Ne4+ 43. Ke3 Nc5 44. a7 Ra1 45. Kd4 Nd7 46. b7 Rxa7 47. b8=Q Nxb8 48. Ke4 Re7+ 0-1


[Site "https://www.chess.com"]

[Event "Titled Tuesday Blitz February 22 Early 2022"]
[White "Gaehwiler, Gabriel"]
[Black "Chigaev, Maksim"]
[WhiteFideId "1314530"]
[BlackFideId "4108116"]
[WhiteElo "2383"]
[BlackElo "2502"]
[Result "1/2-1/2"]
[Round "04"]
[TimeControl "180+1"]
[Date "2022.02.22"]
[WhiteClock "0:00:04"]
[BlackClock "0:00:11"]

1. d4 Nf6 2. c4 g6 3. Nf3 Bg7 4. g3 O-O 5. Bg2 c5 6. O-O d6 7. Nc3 Nc6 8. dxc5 dxc5 9. Be3 b6 10. Qc1 Bb7 11. Bh6 Qc8 12. Bxg7 Kxg7 13. Rd1 h6 14. b3 Kh7 15. h3 Rd8 16. Qe3 Rxd1+ 17. Rxd1 Qe8 18. Ne5 Rc8 19. Nd5 Nxe5 20. Qxe5 Bxd5 21. cxd5 Rd8 22. Rd3 Kg7 23. Re3 Qd7 24. Qxe7 Qxe7 25. Rxe7 Nxd5 26. Bxd5 Rxd5 27. Rxa7 Rd2 28. e3 h5 29. h4 Rb2 30. Kg2 Kg8 31. Kf3 Kg7 32. Rb7 Rxa2 33. Rxb6 Rb2 34. Rc6 Rxb3 35. Rxc5 Rb2 36. Rc1 Kg8 37. Re1 Kg7 38. Re2 Rb3 39. Kg2 Kg8 40. e4 Kg7 41. f3 Kg8 42. Kf2 Kg7 43. Re3 Rb2+ 44. Re2 Rb3 45. e5 Kg8 46. e6 fxe6 47. Rxe6 Kf7 48. Re3 Rb2+ 49. Re2 Rb3 50. Kg2 Ra3 51. Rf2 Rb3 52. g4 hxg4 53. fxg4+ Kg7 54. Rf3 Rb2+ 55. Kg3 Rb4 56. Re3 Ra4 57. Re7+ Kg8 58. Re3 Rb4 59. g5 Kg7 60. Rf3 Kg8 61. Rf4 Rb3+ 62. Kg4 Kg7 63. Re4 Rb7 64. h5 gxh5+ 65. Kxh5 Rb8 66. Re6 Rf8 67. Re7+ Kg8 68. Kh6 Kh8 69. g6 Kg8 70. Rg7+ Kh8 71. Rh7+ Kg8 72. Rg7+ Kh8 73. Rf7 Rxf7 74. gxf7 1/2-1/2


[Site "https://www.chess.com"]

[Event "Titled Tuesday Blitz February 22 Early 2022"]
[White "Galchenko, Matvey"]
[Black "Bortnyk, Olexandr"]
[WhiteFideId "24175480"]
[BlackFideId "14120828"]
[WhiteElo "2453"]
[BlackElo "2723"]
[Result "0-1"]
[Round "04"]
[TimeControl "180+1"]
[Date "2022.02.22"]
[WhiteClock "0:00:20"]
[BlackClock "0:00:32"]

1. c4 d6 2. g3 f5 3. Bg2 Nf6 4. Nc3 e5 5. d3 g6 6. e3 Bg7 7. Nge2 O-O 8. O-O c6 9. Rb1 a5 10. a3 Na6 11. b4 axb4 12. axb4 Nc7 13. b5 d5 14. bxc6 bxc6 15. cxd5 cxd5 16. Qb3 Be6 17. d4 Ne4 18. Rd1 Qe7 19. Qb6 Ra6 20. Qb7 Nd6 21. Qb4 e4 22. Na4 Bf7 23. Nc5 Raa8 24. Nc3 Nc4 25. Bf1 Rfc8 26. Qb7 Qe8 27. Qb3 Na6 28. N3a4 Rcb8 29. Qc2 Nb4 30. Qb3 Nd3 31. Qc2 Rxb1 32. Qxb1 Rxa4 33. Nxa4 Qxa4 34. Qb8+ Bf8 35. Be2 Qc2 36. Kf1 Nxc1 0-1


[Site "https://www.chess.com"]

[Event "Titled Tuesday Blitz February 22 Early 2022"]
[White "Garv Gaur"]
[Black "Sailer, Mike"]
[WhiteFideId "45030839"]
[BlackFideId "2012901"]
[WhiteElo "1950"]
[BlackElo "2109"]
[Result "1/2-1/2"]
[Round "04"]
[TimeControl "180+1"]
[Date "2022.02.22"]
[WhiteClock "0:00:21"]
[BlackClock "0:00:02"]

1. d4 d5 2. Nf3 Bf5 3. c4 e6 4. g3 Nf6 5. Bg2 Be7 6. Nc3 O-O 7. O-O c6 8. Nd2 Nbd7 9. e4 dxe4 10. Ndxe4 Nxe4 11. Nxe4 Nf6 12. Nc3 h6 13. Be3 Qc7 14. Qb3 Rfd8 15. Rfd1 Rac8 16. Rac1 e5 17. dxe5 Qxe5 18. Bxa7 Bc5 19. Bxc5 Qxc5 20. Qxb7 Qxc4 21. Rxd8+ Rxd8 22. Qxc6 Qb4 23. Qb5 Qg4 24. Qe2 Qg6 25. a4 Bd3 26. Qf3 Rb8 27. a5 Rxb2 28. a6 Bxa6 29. Qa8+ Kh7 30. Qxa6 Rxf2 31. Qc4 Rb2 32. Ne4 Rxg2+ 33. Kxg2 Qxe4+ 34. Qxe4+ Nxe4 35. Kf3 Ng5+ 36. Kg4 Ne6 37. h4 Kg6 38. Rf1 h5+ 39. Kf3 Nf8 40. Rc1 Ne6 41. Ra1 Kf6 42. Ra5 g6 43. Ke4 Kg7 44. Ke5 Nf8 45. Ra7 Nh7 46. Rb7 Nf6 47. Ra7 Ng8 48. Kf4 Nh6 49. Kg5 Ng4 50. Kf4 Nh6 51. Ke5 Nf5 52. Ra3 Nh6 53. Kd6 Nf5+ 54. Ke5 Nh6 55. Rf3 Nf5 56. Rxf5 gxf5 57. Kxf5 f6 58. Ke4 Kg6 59. Kf4 Kg7 60. Kf5 Kf7 61. Ke4 Kg7 62. Kf4 Kg6 63. g4 hxg4 64. Kxg4 Kh6 65. Kf4 Kh5 66. Kg3 f5 67. Kh3 f4 68. Kg2 f3+ 69. Kxf3 Kxh4 1/2-1/2


[Site "https://www.chess.com"]

[Event "Titled Tuesday Blitz February 22 Early 2022"]
[White "Glavina, Pablo"]
[Black "Dilmukhametov, Artur"]
[WhiteFideId "100234"]
[BlackFideId "24179922"]
[WhiteElo "2369"]
[BlackElo "2266"]
[Result "1-0"]
[Round "04"]
[TimeControl "180+1"]
[Date "2022.02.22"]
[WhiteClock "0:00:03"]
[BlackClock "0:00:13"]

1. e4 e5 2. Nf3 Nc6 3. Bb5 f5 4. d3 fxe4 5. dxe4 Nf6 6. O-O d6 7. Nc3 Be7 8. Bc4 Na5 9. Bb5+ Bd7 10. Bxd7+ Qxd7 11. Qe2 O-O 12. Bg5 Kh8 13. Rad1 Qg4 14. h3 Qh5 15. Bxf6 Bxf6 16. Qb5 Nc6 17. Qxb7 Nd4 18. Nxd4 exd4 19. Nd5 Be5 20. f4 Rab8 21. Qxc7 Rbc8 22. Qd7 Rxc2 23. fxe5 Rg8 24. Qg4 Qxe5 25. Rf5 Qe8 26. Rdf1 d3 27. Rd1 Qb5 28. Nf6 Qb6+ 29. Kh1 gxf6 30. Qh4 Rcxg2 31. Qxf6+ R2g7 32. Rg5 Qb7 33. Rdg1 Qxe4+ 34. Kh2 Qe2+ 35. R1g2 d2 36. Rxg7 Qxg2+ 37. Rxg2+ Rg7 38. Qxg7# 1-0


[Site "https://www.chess.com"]

[Event "Titled Tuesday Blitz February 22 Early 2022"]
[White "Golizadeh, Asghar"]
[Black "Singh, Arvinder Preet"]
[WhiteFideId "12505269"]
[BlackFideId "5013240"]
[WhiteElo "2403"]
[BlackElo "2147"]
[Result "1-0"]
[Round "04"]
[TimeControl "180+1"]
[Date "2022.02.22"]
[WhiteClock "0:01:14"]
[BlackClock "0:01:43"]

1. e4 c5 2. Nf3 d6 3. Bb5+ Nd7 4. d4 a6 5. Bxd7+ Bxd7 6. dxc5 dxc5 7. Nc3 e6 8. Ne5 Ne7 9. O-O Ng6 10. Nxd7 Qxd7 11. Qe2 Be7 12. Be3 O-O 13. a4 Rfd8 14. a5 Qc6 15. f3 Bf6 16. Na4 Bd4 17. Nb6 Rab8 18. c3 Bxe3+ 19. Qxe3 c4 20. Rfd1 Ne5 21. Rd4 Rxd4 22. Qxd4 Qc8 23. Nxc8 1-0


[Site "https://www.chess.com"]

[Event "Titled Tuesday Blitz February 22 Early 2022"]
[White "Goltsev, Dmitry"]
[Black "Dubov, Daniil"]
[WhiteFideId "24176710"]
[BlackFideId "24126055"]
[WhiteElo "2273"]
[BlackElo "2791"]
[Result "0-1"]
[Round "04"]
[TimeControl "180+1"]
[Date "2022.02.22"]
[WhiteClock "0:00:04"]
[BlackClock "0:00:24"]

1. e4 e5 2. Nf3 Nc6 3. Bb5 a6 4. Ba4 Nf6 5. O-O Be7 6. Re1 b5 7. Bb3 O-O 8. a4 Bb7 9. axb5 axb5 10. Rxa8 Bxa8 11. Nc3 b4 12. Nd5 Na5 13. Nxe7+ Qxe7 14. d3 Nxb3 15. cxb3 h6 16. Qc2 c5 17. Be3 Rc8 18. Ra1 d5 19. exd5 Nxd5 20. Nd2 f5 21. Qc4 Qb7 22. f3 Kh7 23. Bxc5 Nf4 24. Ra7 Qc6 25. d4 Qg6 26. g3 exd4 27. Kf1 Ne6 28. Ra6 Bc6 29. Bxd4 Nxd4 30. Kf2 Qd6 31. Qd3 Qc5 32. Qe3 Re8 33. Rxc6 Rxe3 34. Rxc5 Re2+ 35. Kf1 Rxd2 36. Rd5 Nxf3 37. Rxf5 Nxh2+ 38. Kg1 Rxb2 39. Rf4 g5 40. Rxb4 Nf3+ 41. Kf1 h5 42. Rb8 Kg6 43. b4 Kf5 44. b5 Kg4 0-1


[Site "https://www.chess.com"]

[Event "Titled Tuesday Blitz February 22 Early 2022"]
[White "Gormally, Daniel W"]
[Black "Kollars, Dmitrij"]
[WhiteFideId "406465"]
[BlackFideId "12909572"]
[WhiteElo "2543"]
[BlackElo "2584"]
[Result "0-1"]
[Round "04"]
[TimeControl "180+1"]
[Date "2022.02.22"]
[WhiteClock "0:00:15"]
[BlackClock "0:00:13"]

1. c4 e5 2. Nc3 Bb4 3. Nd5 a5 4. Nf3 d6 5. a3 Bc5 6. e3 Nf6 7. d4 Nxd5 8. dxc5 Nf6 9. cxd6 cxd6 10. Be2 O-O 11. b3 Be6 12. O-O Na6 13. Bb2 Qe7 14. Rc1 Rfc8 15. Ng5 Bf5 16. Bc3 h6 17. Nf3 Nc5 18. Nd2 d5 19. cxd5 Nxd5 20. Ba1 Nd3 21. Rxc8+ Rxc8 22. Nc4 e4 23. Qd2 a4 24. Qa5 Rc5 25. Qxa4 b5 26. Qa8+ Kh7 27. Na5 Qg5 28. g3 Bh3 29. Qe8 Bxf1 30. Bxf1 Qf5 31. f4 Nxe3 32. Bd4 Nxf1 33. Kxf1 Rc1+ 34. Ke2 Qg4+ 0-1


[Site "https://www.chess.com"]

[Event "Titled Tuesday Blitz February 22 Early 2022"]
[White "Grandelius, Nils"]
[Black "De Verdier, Michael"]
[WhiteFideId "1710400"]
[BlackFideId "1710516"]
[WhiteElo "2617"]
[BlackElo "2301"]
[Result "1-0"]
[Round "04"]
[TimeControl "180+1"]
[Date "2022.02.22"]
[WhiteClock "0:00:55"]
[BlackClock "0:00:32"]

1. Nf3 Nf6 2. g3 b6 3. Bg2 Bb7 4. O-O g6 5. d3 Bg7 6. e4 O-O 7. e5 Ne8 8. Qe2 d6 9. e6 f6 10. h4 c5 11. h5 Nc6 12. hxg6 hxg6 13. c3 Ne5 14. Nh4 Bxg2 15. Kxg2 f5 16. d4 Ng4 17. d5 Nc7 18. c4 Qe8 19. a4 Bf6 20. Rh1 Kg7 21. f3 Ne5 22. Bh6+ Kxh6 23. Nxf5+ Kg5 24. Qe3+ Kxf5 25. Qf4# 1-0


[Site "https://www.chess.com"]

[Event "Titled Tuesday Blitz February 22 Early 2022"]
[White "Grischuk, Alexander"]
[Black "Demchenko, Anton"]
[WhiteFideId "4126025"]
[BlackFideId "4160258"]
[WhiteElo "2762"]
[BlackElo "2539"]
[Result "1-0"]
[Round "04"]
[TimeControl "180+1"]
[Date "2022.02.22"]
[WhiteClock "0:00:06"]
[BlackClock "0:00:05"]

1. e4 e5 2. Nc3 Nc6 3. Bc4 Nf6 4. d3 Bb4 5. Nf3 d6 6. O-O Bxc3 7. bxc3 h6 8. Re1 O-O 9. Nd2 d5 10. exd5 Nxd5 11. Ne4 Bf5 12. Bxh6 Bxe4 13. dxe4 Nxc3 14. Qg4 Qf6 15. Bd2 Na4 16. Re3 Qf4 17. Qh5 Qh6 18. Qxh6 gxh6 19. Rh3 Rfd8 20. Bxh6 Nd4 21. c3 Ne6 22. Bxe6 fxe6 23. Bg5 Rf8 24. Rd1 Nb6 25. Rdd3 Rf7 26. Rdg3 Rg7 27. Bf6 Rxg3 28. Rxg3+ Kf7 29. Bxe5 Nc4 30. Rg7+ Kf8 31. Rh7 Re8 32. Rh8+ Kf7 33. Rxe8 Kxe8 34. Bxc7 Nd2 35. f3 Nb1 36. Be5 Na3 37. h4 Nc4 38. Bd4 a5 39. h5 a4 40. h6 Kf7 41. h7 1-0


[Site "https://www.chess.com"]

[Event "Titled Tuesday Blitz February 22 Early 2022"]
[White "Gulecyuz, Deniz"]
[Black "Kalajzic, Ivan"]
[WhiteFideId "30921341"]
[BlackFideId "14506378"]
[WhiteElo "1925"]
[BlackElo "2163"]
[Result "1-0"]
[Round "04"]
[TimeControl "180+1"]
[Date "2022.02.22"]
[WhiteClock "0:00:28"]
[BlackClock "0:01:08"]

1. e4 Nc6 2. d4 e5 3. Nf3 exd4 4. Nxd4 Nf6 5. Nc3 Bb4 6. Nxc6 bxc6 7. Bd3 d5 8. exd5 cxd5 9. O-O O-O 10. Bg5 c6 11. Qf3 Bd6 12. Ne2 Rb8 13. b3 Be5 14. Rad1 h6 15. Bh4 g5 16. Bg3 Bg4 17. Qe3 Bxg3 18. Qxg3 Bxe2 19. Bxe2 Ne4 20. Qh3 f5 21. Qxh6 Qf6 22. Qxf6 Rxf6 23. c4 Nc3 24. Rd2 Re8 25. Bd1 Rfe6 26. cxd5 cxd5 27. h3 Re1 28. Bf3 Ne2+ 29. Bxe2 R8xe2 30. Rxd5 Re5 31. Rd7 a5 32. Ra7 R1e2 33. Ra1 Rc2 34. a3 Ree2 35. Rf1 Rb2 36. Rxa5 f4 37. Rxg5+ Kh7 38. Rf5 Rxb3 39. Rxf4 Rxa3 40. Kh2 Raa2 41. g4 Kg6 42. h4 Kh6 43. Kg3 Ra3+ 44. Rf3 Ra4 45. Rf6+ Kg7 46. Rb6 Ree4 47. f3 Re2 48. h5 Raa2 49. Rg1 Re3 50. g5 Raa3 51. Rb7+ Kh8 52. Rf1 Ra5 53. Kg4 Ree5 54. f4 Ra4 55. Rc1 Re8 56. g6 Rf8 57. g7+ Kh7 58. gxf8=N+ Kh6 59. Rc6# 1-0


[Site "https://www.chess.com"]

[Event "Titled Tuesday Blitz February 22 Early 2022"]
[White "Guliev, Logman"]
[Black "Martinez, Shawn"]
[WhiteFideId "13400061"]
[BlackFideId "2039770"]
[WhiteElo "2128"]
[BlackElo "2174"]
[Result "1-0"]
[Round "04"]
[TimeControl "180+1"]
[Date "2022.02.22"]
[WhiteClock "0:00:03"]
[BlackClock "0:00:11"]

1. e4 c5 2. Nf3 e6 3. c3 Nf6 4. e5 Nd5 5. d4 cxd4 6. cxd4 Bb4+ 7. Bd2 Bxd2+ 8. Qxd2 d6 9. exd6 Qxd6 10. Nc3 Nxc3 11. bxc3 O-O 12. Bd3 b6 13. Be4 Nc6 14. O-O h6 15. d5 exd5 16. Bxd5 Be6 17. c4 Rfd8 18. Rfd1 Rac8 19. Qe3 Bxd5 20. Rxd5 Qf6 21. Rad1 Re8 22. Qa3 Na5 23. c5 Qg6 24. Ne5 Qe4 25. Nf3 Qc2 26. cxb6 axb6 27. R5d2 Qc4 28. h3 Nb7 29. Rd7 Nc5 30. R7d6 b5 31. Qa7 Ne4 32. Rd7 Ra8 33. Qb6 Rxa2 34. Rd8 Rxd8 35. Rxd8+ Kh7 36. Qb8 Qc1+ 37. Kh2 Nxf2 38. Rh8+ Kg6 39. Ne5+ Kf5 40. Qc8+ Kxe5 41. Qxc1 Nd3 42. Re8+ Kd4 43. Qe3+ Kc3 44. Rc8+ Kb4 45. Qxd3 Ra3 46. Qd4+ Kb3 47. Rc3+ Ka2 48. Qd2+ Ka1 49. Rc1# 1-0


[Site "https://www.chess.com"]

[Event "Titled Tuesday Blitz February 22 Early 2022"]
[White "Gunina, Valentina"]
[Black "Grieve, Harry"]
[WhiteFideId "4167570"]
[BlackFideId "426520"]
[WhiteElo "2465"]
[BlackElo "2294"]
[Result "0-1"]
[Round "04"]
[TimeControl "180+1"]
[Date "2022.02.22"]
[WhiteClock "0:00:01"]
[BlackClock "0:00:05"]

1. d4 f5 2. c4 Nf6 3. Nf3 g6 4. Nc3 Bg7 5. g3 O-O 6. Bg2 d6 7. O-O c6 8. d5 e5 9. dxe6 Bxe6 10. b3 Na6 11. Bb2 Qe7 12. Qd2 Rad8 13. Rad1 Nc5 14. Qe3 Rfe8 15. Nd4 Bf7 16. Qxe7 Rxe7 17. e3 Nfe4 18. Nxe4 Nxe4 19. Ba3 Red7 20. Rd3 d5 21. c5 Re8 22. f3 Nf6 23. Kf2 Rde7 24. b4 Nd7 25. Re1 Ne5 26. Rdd1 Nc4 27. Bc1 a6 28. Bf1 Ne5 29. a4 Rf8 30. h3 Be8 31. b5 axb5 32. axb5 Bd7 33. f4 Nf7 34. Bd2 Ra8 35. Ra1 Ree8 36. bxc6 bxc6 37. Reb1 Kf8 38. Rxa8 Rxa8 39. Rb7 Ke8 40. Nb3 Ra2 41. Kf3 Nd8 42. Rb8 d4 43. exd4 Be6 44. Ba5 Bf6 45. Bd3 Ra3 46. Bxd8 Bxd8 47. Bc2 Ra2 48. Bd1 Rb2 49. Ke3 Bd5 50. g4 Kd7 51. gxf5 gxf5 52. Rb7+ Kc8 53. Rb4 Ba5 54. Ra4 Bxb3 55. Rxa5 Bxd1 56. Ra8+ Rb8 57. Ra7 Rb7 58. Ra1 Bh5 59. Ra8+ Kd7 60. d5 cxd5 61. Kd4 Rb4+ 62. Ke5 Bg6 63. Kxd5 Rxf4 64. Ra7+ Kc8 65. c6 Rf1 66. h4 Rd1+ 67. Ke5 f4 68. Kxf4 Rd6 69. Kg5 Rxc6 70. h5 Bd3 71. Ra3 Bc2 72. Rf3 Rc7 73. Kh6 Kb7 74. Rf2 Kb6 75. Kg5 Kb5 76. Re2 Kb4 77. Rf2 Kc3 78. Rf4 Bd3 79. Rf3 Kd2 80. Rf8 Ke3 81. Re8+ Be4 82. Kg4 Rg7+ 83. Kh4 Kf4 84. Ra8 Bf5 0-1


[Site "https://www.chess.com"]

[Event "Titled Tuesday Blitz February 22 Early 2022"]
[White "Guseinov, Gadir"]
[Black "Kobalia, Mikhail"]
[WhiteFideId "13401378"]
[BlackFideId "4119150"]
[WhiteElo "2581"]
[BlackElo "2667"]
[Result "0-1"]
[Round "04"]
[TimeControl "180+1"]
[Date "2022.02.22"]
[WhiteClock "0:01:52"]
[BlackClock "0:02:00"]

1. e4 c6 2. d4 d5 3. Nd2 dxe4 4. Nxe4 Bf5 5. Ng3 Bg6 6. h4 h6 7. Nf3 Nd7 8. h5 Bh7 9. Bd3 Bxd3 10. Qxd3 e6 11. Bd2 Ngf6 12. O-O-O Be7 13. Ne4 Qb6 14. Nxf6+ Nxf6 15. Ne5 O-O 16. g4 Rad8 17. c3 Nd7 18. Nxd7 Rxd7 19. f4 c5 20. g5 hxg5 21. fxg5 cxd4 22. g6 dxc3 23. gxf7+ Rxf7 24. Qxc3 Rc7 25. h6 Bf6 0-1


[Site "https://www.chess.com"]

[Event "Titled Tuesday Blitz February 22 Early 2022"]
[White "Hakemi, Arman"]
[Black "Popadic, Dragan"]
[WhiteFideId "22520805"]
[BlackFideId "913650"]
[WhiteElo "2208"]
[BlackElo "2199"]
[Result "1-0"]
[Round "04"]
[TimeControl "180+1"]
[Date "2022.02.22"]
[WhiteClock "0:00:08"]
[BlackClock "0:00:01"]

1. e4 c5 2. Nf3 Nc6 3. Bb5 e5 4. O-O d6 5. c3 Bd7 6. d4 Qc7 7. Bg5 Be7 8. Be3 Nf6 9. Nbd2 a6 10. Bd3 b5 11. a4 Rb8 12. axb5 axb5 13. h3 O-O 14. Qe2 b4 15. Nc4 bxc3 16. bxc3 Ra8 17. d5 Rxa1 18. Rxa1 Nb8 19. Qb2 Rc8 20. Nfd2 Nh5 21. Nb6 Rd8 22. Ra8 Be8 23. Ndc4 Nf4 24. Bf1 Nd7 25. Rxd8 Bxd8 26. Nc8 Nf6 27. N8xd6 Bd7 28. Nxe5 Qxd6 29. Bxf4 Nh5 30. Bh2 Bc7 31. Nf3 Qb6 32. Qxb6 Bxb6 33. e5 g6 34. Nd2 Ng7 35. Ne4 Ba4 36. Nf6+ Kf8 37. Nxh7+ Ke7 38. Bf4 Nf5 39. Bg5+ Kd7 40. Nf6+ Kc7 41. g4 Ng7 42. d6+ Kc6 43. Bg2+ Kb5 44. Nd5 Ba5 45. Nc7+ Kc4 46. Bd5+ Kxc3 47. Bxf7 Kd4 48. e6 Nxe6 49. Nxe6+ Ke5 50. Nxc5 Bb5 51. d7 Kd6 52. d8=Q+ 1-0


[Site "https://www.chess.com"]

[Event "Titled Tuesday Blitz February 22 Early 2022"]
[White "Dronavalli, Harika"]
[Black "Elissalt Cardenas, Hector"]
[WhiteFideId "5015197"]
[BlackFideId "3500632"]
[WhiteElo "2382"]
[BlackElo "2159"]
[Result "1-0"]
[Round "04"]
[TimeControl "180+1"]
[Date "2022.02.22"]
[WhiteClock "0:01:31"]
[BlackClock "0:01:04"]

1. Nf3 Nf6 2. c4 e6 3. g3 d5 4. Bg2 Be7 5. b3 O-O 6. Bb2 b6 7. O-O Bb7 8. e3 c5 9. Qe2 Nc6 10. Rd1 dxc4 11. bxc4 Qc7 12. Nc3 a6 13. Ne1 Rfd8 14. f4 Na5 15. g4 Bxg2 16. Nxg2 Ne8 17. g5 Nd6 18. d3 Nf5 19. Ne4 b5 20. cxb5 axb5 21. Rac1 c4 22. Be5 Qb7 23. Nf2 cxd3 24. Rxd3 Bc5 25. Rxc5 Rd5 26. Rcxd5 exd5 27. Ng4 1-0


[Site "https://www.chess.com"]